 Dungeon Crawl Stone Soup version 0.29-a0-553-g81b289dbe5 (webtiles) character file.

Game seed: 11062063530637699193

91 Ashen the Gusty (level 4, 0/25 HPs)
             Began as a Tengu Air Elementalist on June 6, 2022.
             Slain by a goblin
             ... wielding a +0 dagger
              (2 damage)
             ... on level 3 of the Dungeon.
             The game lasted 00:07:35 (3281 turns).

Ashen the Gusty (Tengu Air Elementalist)            Turns: 3281, Time: 00:07:35

Health: 0/25       AC:  2    Str:  9    XL:     4   Next: 57%
Magic:  8/8        EV: 12    Int: 17    God:
Gold:   143        SH:  0    Dex: 14    Spells: 4/7 levels left

rFire   . . .      SeeInvis .   e - +0 dagger (speed)
rCold   . . .      Faith    .   (no shield)
rNeg    . . .      Spirit   .   a - +0 robe
rPois   .          Reflect  .   (helmet restricted)
rElec   .          Harm     .   (no cloak)
rCorr   .          Rampage  .   (no gloves)
Will    .....                   (boots unavailable)
Stlth   ++........              (no amulet)
HPRegen 0.08/turn               l - ring of flight
MPRegen 0.11/turn               (no ring)

@: flying
A: beak, talons 3
a: no special abilities


You were on level 3 of the Dungeon.
You visited 1 branch of the dungeon, and saw 3 of its levels.

You collected 143 gold pieces.

Inventory:

Hand Weapons
 e - a +0 dagger of speed (weapon)
Armour
 a - a +0 robe (worn)
Jewellery
 f - a ring of fire
 l - a ring of flight (left hand)
Scrolls
 c - 2 scrolls of amnesia {unknown}
 d - 5 scrolls of identify {unknown}
 i - a scroll of enchant armour {unknown}
Potions
 b - a potion of magic
 g - a potion of lignification {unknown}
 h - a potion of attraction {unknown}
 j - a potion of degeneration {unknown}
 k - a potion of curing {unknown}
 m - a potion of brilliance {unknown}


   Skills:
 + Level 1.1 Fighting
 + Level 2.8 Dodging
 + Level 2.8 Stealth
 + Level 2.4 Spellcasting
 + Level 2.4 Conjurations
 + Level 4.6 Air Magic


You had 4 spell levels left.
You knew the following spells:

 Your Spells              Type           Power      Damage    Failure   Level
a - Shock                 Conj/Air       56%        1d6       4%          1
b - Static Discharge      Conj/Air       14%        N/A       6%          2

Your spell library contained the following spells:

 Spells                   Type           Power      Damage    Failure   Level
 Swiftness                Air            18%        N/A       9%          3
 Airstrike                Air            9%         N/A       26%         4
 Blink                    Tloc           4%         N/A       28%         2
 Gell's Gravitas          Tloc           2%         N/A       50%         3
 Lesser Beckoning         Tloc           2%         N/A       50%         3
 Teleport Other           Tloc           2%         N/A       50%         3
 Manifold Assault         Tloc           2%         N/A       99%         5
 Storm Form               Tmut/Air       5%         N/A       100%        7


Dungeon Overview and Level Annotations

Branches:
Dungeon (3/15)

Altars:

Shops:
D:1 =   D:2 [

Annotations:
D:2 Sigmund
D:3 2 transporters, Subbak's ghost, amateur DsFi


Innate Abilities, Weirdness & Mutations

You have a beak for a mouth.
You have claws for feet.


Message History

Level annotation: 2 transporters, Subbak's ghost, amateur DsFi A goblin comes into view.
It is wielding a +0 dagger.
Found a black potion.
There is a stone staircase leading up here.
You see here a black potion.
m - a black potion The goblin shouts!
The endoplasm quivers.
The orc shouts!
The dart slug launches a dart at you. The slug dart misses you.
The endoplasm jiggles.
An orc priest comes into view. It is wielding a +0 short sword.
Found a helmet.
The orc priest shouts!
The orc wizard shouts!
The goblin barely misses you.
You hit the goblin but do no damage. The goblin hits you with a +0 dagger.
You hit the goblin.
The goblin is moderately wounded.
You closely miss the goblin. Your kick misses the goblin.
The goblin is moderately wounded.
The goblin hits you but does no damage. The goblin attacks as you move away!
The goblin hits you with a +0 dagger. The dart slug launches a dart at you.
The slug dart hits you. The goblin attacks as you move away!
The goblin closely misses you.
The orc priest mumbles some strange prayers to Beogh against you.
Beogh smites you!
Ouch! That really hurt!
* * * LOW HITPOINT WARNING * * *
The goblin attacks as you move away! The goblin hits you with a +0 dagger.
* * * LOW HITPOINT WARNING * * *
The goblin attacks as you move away! The goblin completely misses you.
The goblin attacks as you move away! The goblin hits you with a +0 dagger.
* * * LOW HITPOINT WARNING * * *
The goblin attacks as you move away! The goblin barely misses you.
The goblin attacks as you move away! The goblin closely misses you.
An adder comes into view.
The goblin attacks as you move away! The goblin hits you with a +0 dagger.
You die...

..... ..... ....... .......
..≈..##.... ....... .......
......#..o. ....... .......
........... ....... .......
........... ....... .......
o.≈.....o.. ....... .......##
......o#..©
.......#........#########...##..
.o.....<.....##@.J..........##oo
.............##g#..w#.###...##..
[............##.#.#.#o# #...##..
..>..........##...#.#.# #...##..
......J..........##w#.###...##..
..w............#.o..o....#.####.
...............#......<....# ##
...#......S..............###
.....##.........#


You could see an orc priest, a dart slug (wandering), an endoplasm and a goblin.

Vanquished Creatures
  4 adders (D:2)
  3 worms (D:2)
  2 dart slugs (D:1)
  5 bats
  3 endoplasms (D:1)
  A giant cockroach (D:2)
  3 goblins
  3 hobgoblins
  4 kobolds
  2 quokkas
  4 ball pythons
  6 frilled lizards (D:1)
  4 rats
44 creatures vanquished.

Notes
Turn   | Place    | Note
-------+----------+-------------------------------------------
     0 | D:1      | Ashen the Tengu Air Elementalist began the quest for the
                  | Orb.
     0 | D:1      | Reached XP level 1. HP: 10/10 MP: 4/4
    75 | D:1      | Found Coihep's One-of-a-Kind Rings.
   293 | D:1      | Reached XP level 2. HP: 13/15 MP: 1/6
   373 | D:1      | Learned a level 2 spell: Static Discharge
   559 | D:1      | Noticed a floating eye
   562 | D:1      | Found a faded altar of an unknown god.
   594 | D:1      | Noticed a great orb of eyes
   594 | D:1      | Noticed an eye of devastation
   594 | D:1      | Noticed an eye of devastation
  1126 | D:1      | Reached XP level 3. HP: 20/20 MP: 5/7
  1805 | D:2      | Found Lyrgh's Armour Shop.
  1807 | D:2      | Noticed Sigmund
  2212 | D:2      | Reached XP level 4. HP: 18/24 MP: 4/8
  2467 | D:2      | Found Cusuk's Armour Boutique.
  2501 | D:2      | Reached skill level 1 in Fighting
  2806 | D:3      | Found a transporter.
  2811 | D:3      | Found a transporter.
  2811 | D:3      | Noticed Subbak's ghost (amateur DsFi)
  3281 | D:3      | Slain by a goblin

Illustrated notes

Levels and vault maps discovered:
D:1:      mainiacjoe_arrival_reflecting_pool, layout_basic,
          hellmonk_ecumenical_altar_watching_god, corner_web_ring,
          nicolae_shop_unique_rings, nicolae_figureground_pulse
D:2:      layout_rooms, serial_shops, shop, nicolae_square_shop, moated_statue,
          uniq_sigmund
D:3:      cheibrodos_pilgrimage, layout_rooms, led_sif_pool,
          gammafunk_ghost_arena, moated_statue

Skill      XL: |  1  2  3  4 |
---------------+-------------+-----
Conjurations   | 2 |  2.4
Fighting       | 1 |  1.1
Dodging        | |  2.8
Stealth        | |  2.8
Spellcasting   | |  2.4
Air Magic      | |  4.6

Action                   |  1- 3 |  4- 6 || total
-------------------------+-------+-------++-------
Melee: Dagger            |    33 |    10 ||    43
       Kick              |    11 |     1 ||    12
       Peck              |     1 |     1 ||     2
 Cast: Shock             |    65 |    19 ||    84
 Stab: Sleeping          |     6 |     2 ||     8
Armor: Robe              |     9 |     2 ||    11
Dodge: Dodged            |    40 |     9 ||    49

Table legend: (Time is in decaauts)
 A = Elapsed time spent in this place.
 B = Non-inter-level travel time spent in this place.
 C = Inter-level travel time spent in this place.
 D = Time resting spent in this place.
 E = Time spent auto-exploring this place.
 F = Levels seen in this place.
 G = Mean time per level.
                   A        B        C        D        E       F      G
               +--------+--------+--------+--------+--------+-----+--------+
         Total |   3267 |   3094 |    173 |    196 |   2304 |   3 | 1089.0 |
       Dungeon |   3267 |   3094 |    173 |    196 |   2304 |   3 | 1089.0 |
               +--------+--------+--------+--------+--------+-----+--------+

Top non-repeatable levels by time:
     D:1: 1640 daAuts
     D:2: 1419 daAuts
     D:3: 208 daAuts
